 Dungeon Crawl Stone Soup version 0.30.1-4-g462c640d31 (webtiles) character file.

Game seed: 5308240027227412286

52490 RussellQuine the Impaler (level 14, 0/199 HPs)
             Began as a Minotaur Berserker on Sept 8, 2023.
             Was a High Priest of Trog.
             Slain by a dire elephant (8 damage)
             ... on level 5 of the Lair of Beasts.
             The game lasted 01:30:43 (14749 turns).

RussellQuine the Impaler (Minotaur Berserker)      Turns: 14749, Time: 01:30:43

Health: 0/199      AC: 21    Str: 33    XL:     14   Next: 27%
Magic:  13/13      EV: 13    Int:  4    God:    Trog [*****.]
Gold:   773        SH:  0    Dex: 10    Spells: 13/13 levels left

rFire   . . .        Y - +5 halberd (vamp)
rCold   . . .        (shield currently unavailable)
rNeg    . . .        o - +9 scale mail "Dyomoss" {rPois Regen+ rCorr Stlth-}
rPois   +            (helmet restricted)
rElec   .            (no cloak)
rCorr   +            S - +1 pair of gloves
SInv    .            (no boots)
Will    +....        m - amulet of regeneration Stlth
                     O - +6 ring of strength
HPRegen 2.13/turn    Q - ring of poison resistance
MPRegen 0.13/turn

%: no passive effects
@: berserking, quick
A: horns 2, retaliatory headbutt
a: Renounce Religion, Berserk, Trog's Hand, Brothers in Arms


You were on level 5 of the Lair of Beasts.
You worshipped Trog.
Trog was extremely pleased with you.
You visited 3 branches of the dungeon, and saw 15 of its levels.

You collected 948 gold pieces.
You spent 175 gold pieces at shops.

Inventory:

Hand Weapons
 i - a +0 antimagic hand axe
 v - a +1 antimagic war axe
 X - the +6 halberd of Ashenzari's Outrage {freeze, rC- Str+5 Int+3}
   (You found it on level 9 of the Dungeon)

   Str:       It affects your strength (+5).
   Int:       It affects your intelligence (+3).
   rC:        It makes you vulnerable to cold.
 Y - a +5 vampiric halberd (weapon)
Missiles
 l - 2 datura-tipped darts
 n - 38 poisoned darts (quivered)
 w - 2 throwing nets
Armour
 o - the +9 scale mail "Dyomoss" (worn) {rPois Regen+ rCorr Stlth-}
   (You found it on level 4 of the Lair of Beasts)

   rPois:     It protects you from poison.
   Regen:     It increases your rate of health regeneration.
   rCorr:     It protects you from acid and corrosion.
   Stlth:     It makes you less stealthy.
 z - a +0 leather armour of poison resistance
 S - a +1 pair of gloves (worn)
Jewellery
 b - a ring of willpower
 h - a +6 ring of intelligence
 m - an amulet of regeneration (around neck)
 q - an amulet of reflection
 F - a ring of willpower
 H - a ring of resist corrosion
 O - a +6 ring of strength (left hand)
 Q - a ring of poison resistance (right hand)
Wands
 y - a wand of mindburst (18)
 A - a wand of roots (9)
 D - a wand of light (25)
 G - a wand of flame (41)
 R - a wand of polymorph (6)
 U - a wand of digging (1)
 V - a wand of charming (27)
Scrolls
 d - 5 scrolls of immolation
 e - 2 scrolls of magic mapping
 f - 3 scrolls of fog
 j - 5 scrolls of vulnerability
 k - a scroll of silence {unknown}
 p - 3 scrolls of teleportation
 E - a scroll of enchant armour
 I - a scroll of identify
 K - 7 scrolls of blinking
 L - 3 scrolls of fear
 M - 2 scrolls of amnesia
 N - 4 scrolls of brand weapon
 Z - a scroll of poison
Potions
 a - 4 potions of mutation
 g - 9 potions of curing
 r - a potion of invisibility
 s - 10 potions of flight
 t - 2 potions of magic
 u - 2 potions of degeneration
 x - 5 potions of haste
 B - 3 potions of might
 C - 4 potions of brilliance
 J - 2 potions of attraction
 P - 2 potions of ambrosia {unknown}
 W - 2 potions of berserk rage {unknown}
Miscellaneous
 T - a piece from Xom's chessboard (15/15)


   Skills:
 + Level 14.8 Fighting
 + Level 12.7(16.1) Axes
 + Level 16.1(17.8) Polearms
 + Level 1.2 Throwing
 + Level 14.8 Armour
 + Level 7.6 Dodging
 + Level 2.7 Stealth
 + Level 0.3 Evocations


You had 13 spell levels left.
You didn't know any spells.
Your spell library was empty.

Dungeon Overview and Level Annotations

Branches:
Dungeon (9/15)             Temple (1/1) D:6            Lair (5/5) D:9
  Swamp (0/4) Lair:3        Snake (0/4) Lair:2        Slime (0/5) Lair:5
    Orc (0/2) D:9

Altars:
Ashenzari
Cheibriados
Dithmenos
Elyvilon
Fedhas
Gozag
Hepliaklqana
Kikubaaqudgha
Makhleb
Okawaru
Qazlal
Ru
Sif Muna
Trog
Uskayaw
Vehumet
Yredelemnul
Zin
Jiyva
Lugonu

Shops:
D:4 (   D:8 [

Annotations:
Lair:1 1 runed translucent door, Zusoliwk's ghost, journeyman CeHu
Lair:2 1 runed translucent door, sweetbreads's ghost, journeyman GrEE
Lair:4 exclusion: oklob plant
Lair:5 3 runed translucent doors, exclusion: obsidian statue, Diggabert's ghost, journeyman HuMo


Innate Abilities, Weirdness & Mutations

You have a pair of horns on your head.
You reflexively headbutt those who attack you in melee.


Message History

The dire elephant tramples you!!
* * * LOW HITPOINT WARNING * * *
You hold your ground!
The dire elephant trunk-slaps you!
* * * LOW HITPOINT WARNING * * *
The necromancer casts a spell.
The necromancer binds the souls of nearby monsters.
The dire elephant tramples you!
* * * LOW HITPOINT WARNING * * *
You hold your ground!
The dire elephant barely misses you.
You slice the dire elephant!!
You feel better.
You headbutt the dire elephant.
The dire elephant is severely wounded.
You hit the dire elephant.
The dire elephant is almost dead.
The dire elephant closely misses you.
The dire elephant trunk-slaps you but does no damage.
The dire elephant tramples you!!
* * * LOW HITPOINT WARNING * * *
You hold your ground!
The dire elephant splashes around in the water.
You puncture the dire elephant!
You feel better.
The dire elephant is almost dead.
You completely miss the dire elephant.
The dire elephant is almost dead.
The dire elephant tramples you!
* * * LOW HITPOINT WARNING * * *
You hold your ground!
The dire elephant trunk-slaps you but does no damage.
The dire elephant splashes around in the water.
The dire elephant closely misses you.
You barely miss the dire elephant. You headbutt the dire elephant!
You kill the dire elephant!
Trog accepts your kill.
A freezing mist starts to gather...
A dire elephant simulacrum comes into view.
Your life force feels restored.
You puncture the dire elephant!
You feel better.
The dire elephant is lightly wounded.
The dire elephant tramples you but does no damage.
The dire elephant trunk-slaps you!
You die...

#..'..#P.#♣....#..###
####..##.##....P.####
#...#.###P....##..
#8.8#P.P#♣....##.>
##'####.##...÷[._.
##...~#..#....####
#..~≈~##.#....##
#~~Z≈~~#.#.....###
#@≈≈≈~.#.#........
##Y≈≈.##.#........
#p'####.#........
8..8##8.#....##..
#....#8P.'........
#....#P⌠.'........
#.:/.#8..'........
#8)?8##8}#........
########.#........


You could see a dire elephant (soul bound), a necromancer and a dire elephant
simulacrum.

Vanquished Creatures
  3 dire elephants (Lair:5)
  Josephine (Lair:4)
  7 hydras
  A centaur warrior (D:8)
  A tengu warrior (D:9)
  5 death yaks
  A spectral dire elephant (Lair:5)
  A spectral anaconda (Lair:5)
  6 skysharks
  2 necromancers (Lair:5)
  2 lindwurms
  A manticore (D:8)
  8 black mambas
  14 elephants
  7 cane toads
  Maggie (D:7)
  5 rime drakes
  8 komodo dragons
  2 trolls (D:9)
  Grinder (D:3)
  2 polar bears (Lair:2)
  Prince Ribbit (D:7)
  22 blink frogs
  2 spectral elephants (Lair:5)
  A shadow (D:9)
  A spriggan (Lair:4)
  A dire elephant simulacrum (Lair:5)
  34 yaks
  4 wraiths (Lair:4)
  A basilisk (Lair:3)
  6 wyverns
  Grum (D:8)
  A steam dragon (D:7)
  2 death yak simulacra (Lair:5)
  2 spectral cane toads (Lair:5)
  18 water moccasins
  4 orc warriors
  11 ice beasts
  A sky beast (D:7)
  3 black bears (D:5)
  An elephant skeleton (Lair:5)
  8 wolves
  9 ogres
  3 centaurs
  A phantom (D:7)
  4 kobold brigands
  6 bullfrogs
  2 gnoll sergeants (D:9)
  3 cane toad simulacra (Lair:5)
  4 scorpions
  4 killer bees (D:9)
  11 howler monkeys
  2 electric eels
  5 hounds
  8 jellies
  2 gnoll boudas
  2 orc priests
  Ijyb (D:4)
  7 hell rats
  3 iguanas
  9 orc wizards
  23 gnolls
  11 adders
  A river rat (D:5)
  A shadow imp (D:7)
  2 white imps
  2 ufetubi
  4 worms
  4 dart slugs
  21 orcs
  8 ball pythons
  2 bat zombies (D:8)
  17 endoplasms
  3 giant cockroaches
  22 goblins
  10 hobgoblins
  10 quokkas
  3 bats
  2 frilled lizards
  18 kobolds
  8 rats
  2 rat zombies (D:8)
464 creatures vanquished.

Vanquished Creatures (others)
  An orc wizard (D:7)
  A gnoll (D:5)
2 creatures vanquished.

Grand Total: 466 creatures vanquished

Notes
Turn   | Place    | Note
-------+----------+-------------------------------------------
     0 | D:1      | RussellQuine the Minotaur Berserker began the quest for the
                  | Orb.
     0 | D:1      | Reached XP level 1. HP: 19/19 MP: 0/0
   437 | D:1      | Reached XP level 2. HP: 27/27 MP: 1/1
  1093 | D:2      | Reached XP level 3. HP: 21/33 MP: 0/2
  1615 | D:2      | Reached ** piety under Trog
  1624 | D:2      | Found a white marble altar of Elyvilon.
  2004 | D:3      | Reached XP level 4. HP: 41/41 MP: 1/3
  2012 | D:3      | Noticed Grinder
  2026 | D:3      | Killed Grinder
  2027 | D:3      | Reached skill level 5 in Fighting
  2027 | D:3      | Reached skill level 5 in Axes
  2027 | D:3      | Reached skill level 1 in Stealth
  2027 | D:3      | Reached XP level 5. HP: 48/48 MP: 1/4
  2027 | D:3      | Reached XP level 6. HP: 56/56 MP: 1/5
  2273 | D:3      | Found a sacrificial altar of Ru.
  2386 | D:3      | Noticed an orc warrior
  2400 | D:3      | Killed an orc warrior
  2614 | D:4      | Found Qamawoet's Weapon Shoppe.
  2618 | D:4      | Bought a +1 antimagic war axe for 175 gold pieces
  2648 | D:4      | Reached XP level 7. HP: 61/61 MP: 2/6
  2732 | D:4      | Reached *** piety under Trog
  3119 | D:4      | Noticed Ijyb
  3135 | D:4      | Killed Ijyb
  3721 | D:5      | Entered Level 5 of the Dungeon
  3796 | D:5      | Reached skill level 5 in Armour
  3855 | D:5      | Reached XP level 8. HP: 48/71 MP: 7/7
  3897 | D:5      | Found a radiant altar of Vehumet.
  4136 | D:5      | Found a glowing drain.
  4293 | D:5      | Found a glowing silver altar of Zin.
  4415 | D:5      | Found a blossoming altar of Fedhas.
  4995 | D:5      | Reached **** piety under Trog
  5022 | D:5      | Reached XP level 9. HP: 79/79 MP: 8/8
  5132 | D:6      | Found a staircase to the Ecumenical Temple.
  5151 | D:6      | Found an iron altar of Okawaru.
  5262 | D:6      | Reached skill level 5 in Dodging
  5355 | D:6      | Found a white marble altar of Elyvilon.
  5417 | D:6      | Found a bloodstained altar of Trog.
  5574 | D:6      | Reached skill level 10 in Axes
  5660 | Temple   | Entered the Ecumenical Temple
  6183 | D:7      | Reached XP level 10. HP: 90/90 MP: 3/9
  6187 | D:7      | Noticed Maggie
  6204 | D:7      | Killed Maggie
  6215 | D:7      | Noticed Prince Ribbit
  6351 | D:7      | Killed Prince Ribbit
  6352 | D:7      | Reached skill level 10 in Armour
  7089 | D:8      | Noticed a centaur warrior
  7104 | D:8      | HP: 3/91 [centaur warrior/arrow (19)]
  7252 | D:8      | Killed a centaur warrior
  7288 | D:8      | Noticed Grum
  7300 | D:8      | Killed Grum
  7387 | D:8      | Noticed a manticore
  7398 | D:8      | Killed a manticore
  7536 | D:8      | Found an ancient bone altar of Kikubaaqudgha.
  7687 | D:8      | Found a shimmering blue altar of Sif Muna.
  7782 | D:8      | Found Xenalufu's Armour Boutique.
  7953 | D:9      | Reached skill level 10 in Fighting
  7955 | D:9      | Reached skill level 1 in Throwing
  8023 | D:9      | Found a staircase to the Lair.
  8026 | D:9      | Found an opulent altar of Gozag.
  8100 | D:9      | Reached XP level 11. HP: 101/101 MP: 3/10
  8142 | D:9      | Noticed a tengu warrior
  8152 | D:9      | Found a flagged portal.
  8200 | D:9      | Identified the +6 halberd of Ashenzari's Outrage {freeze,
                  | rC- Str+5 Int+3}
  8274 | D:9      | Reached ***** piety under Trog
  8348 | D:9      | Reached skill level 1 in Polearms
  8370 | D:9      | Reached skill level 2 in Polearms
  8383 | D:9      | Found a staircase to the Orcish Mines.
  8528 | D:9      | Killed a tengu warrior
  8529 | D:9      | Reached skill level 3 in Polearms
  8665 | D:9      | Found a hide-covered altar of Uskayaw.
  8779 | D:9      | Reached skill level 4 in Polearms
  8797 | Lair:1   | Entered Level 1 of the Lair of Beasts
  8912 | Lair:1   | Reached skill level 5 in Polearms
  8996 | Lair:1   | Reached skill level 6 in Polearms
  9003 | Lair:1   | Reached skill level 7 in Polearms
  9180 | Lair:1   | Found a runed translucent door.
  9182 | Lair:1   | Noticed Zusoliwk's ghost (journeyman CeHu)
  9875 | Lair:2   | Found a staircase to the Snake Pit.
  9916 | Lair:2   | Noticed a skyshark
  9919 | Lair:2   | Noticed a skyshark
  9925 | Lair:2   | Killed a skyshark
  9926 | Lair:2   | Reached skill level 8 in Polearms
  9927 | Lair:2   | Killed a skyshark
  9947 | Lair:2   | Found a gate leading to a gauntlet.
  9960 | Lair:2   | Noticed a six-headed hydra
  9984 | Lair:2   | Killed a ten-headed hydra
 10045 | Lair:2   | Reached skill level 9 in Polearms
 10045 | Lair:2   | Reached XP level 12. HP: 110/110 MP: 11/11
 10130 | Lair:2   | Found a runed translucent door.
 10131 | Lair:2   | Noticed sweetbreads's ghost (journeyman GrEE)
 10192 | Lair:2   | Noticed a four-headed hydra
 10201 | Lair:2   | Killed an eight-headed hydra
 10250 | Lair:2   | Reached skill level 10 in Polearms
 10971 | Lair:3   | Reached skill level 11 in Polearms
 11112 | Lair:3   | Found a staircase to the Swamp.
 11260 | Lair:3   | Received a gift from Trog
 11261 | Lair:3   | Reached skill level 12 in Polearms
 11373 | Lair:3   | Noticed a five-headed hydra
 11378 | Lair:3   | Killed an eight-headed hydra
 11380 | Lair:3   | Noticed a death yak
 11412 | Lair:3   | Noticed a death yak
 11415 | Lair:3   | Noticed a death yak
 11417 | Lair:3   | Killed a death yak
 11421 | Lair:3   | Noticed a death yak
 11422 | Lair:3   | Killed a death yak
 11428 | Lair:3   | Killed a death yak
 11429 | Lair:3   | Killed a death yak
 11430 | Lair:3   | Reached XP level 13. HP: 93/119 MP: 12/12
 12082 | Lair:4   | Reached skill level 13 in Polearms
 12312 | Lair:4   | HP: 6/122 [oklob plant/splash of acid (20)]
 12505 | Lair:4   | Identified the +9 scale mail "Dyomoss" {rPois Regen+ rCorr
                  | Stlth-}
 12645 | Lair:4   | Noticed Josephine
 12680 | Lair:4   | Killed Josephine
 12681 | Lair:4   | Reached skill level 14 in Polearms
 13183 | Lair:5   | Entered Level 5 of the Lair of Beasts
 13295 | Lair:5   | Received a gift from Trog
 13310 | Lair:5   | Found a runed translucent gate.
 13497 | Lair:5   | Reached skill level 15 in Polearms
 13639 | Lair:5   | Found a runed translucent gate.
 13639 | Lair:5   | Found a runed translucent gate.
 13642 | Lair:5   | Noticed Diggabert's ghost (journeyman HuMo)
 13725 | Lair:5   | Found a viscous altar of Jiyva.
 13726 | Lair:5   | Found a staircase to the Slime Pits.
 13748 | Lair:5   | Noticed a dire elephant
 13748 | Lair:5   | Noticed a dire elephant
 13750 | Lair:5   | Noticed a dire elephant
 13767 | Lair:5   | Killed a dire elephant
 13890 | Lair:5   | Reached XP level 14. HP: 112/132 MP: 13/13
 14366 | Lair:5   | Reached skill level 16 in Polearms
 14743 | Lair:5   | HP: 4/195 [dire elephant (10)]
 14749 | Lair:5   | Slain by a dire elephant

Illustrated notes

Levels and vault maps discovered:
D:1:      heliophobic_arrival_ceremonial_halls, layout_basic
D:2:      layout_loops_ring, basic_altar
D:3:      layout_basic, nicolae_ru_great_annihilating_truth, uniq_robin,
          uniq_grinder
D:4:      layout_layer_cave, nicolae_stop_n_shop_2, nicolae_goblin_pals
D:5:      layout_basic, lemuel_crystal_altar, fiery_altar_vehumet,
          mainiacjoe_overflow_tiny_flanked, cheibrodos_sewer_entry_sluice,
          hangedman_abyss_or_decor_stagger, kennysheep_dice
D:6:      layout_rooms, nicolae_overflow_crystal_walls, okawaru_gym_becter,
          elyvilon_altar_3, minmay_temple_entry_overgrown
D:7:      layout_loops_ring, grunt_ministairs_1, uniq_prince_ribbit1,
          uniq_maggie
D:8:      layout_basic, lemuel_zombie_altar_kikubaaqudgha, led_sif_book,
          serial_shops, kennysheep_mini_moat, uniq_grum
D:9:      layout_loops_cross, mainiacjoe_overflow_alcove_1,
          mainiacjoe_overflow_catwalk, hellmonk_lair_entry_icy,
          kennysheep_orc_monster_closet_entryway, enter_bailey_2
Temple:   corrupted_temple
Lair:1:   layout_cave_pods, ebering_ghost_inner_flame, grunt_megastairs_1,
          infiniplex_staircase_pool
Lair:2:   layout_roguey, dummy_snake_entry, gammafunk_ghost_grave,
          gauntlet_entry_generic, amcnicky_mini_pool_medium
Lair:3:   layout_regular_city, swamp_mist_pool, serial_bayou_shore_b
Lair:4:   lemuel_slime, layout_concentric_octagons,
          grunt_forest_large_clearing_hut, serial_bayou_shore_a, uniq_josephine
Lair:5:   due_jungle_book, layout_gridlike, dpeg_slime_entry_enclosed,
          ebering_ghost_rock_garden, serial_bayou_shore_b,
          infiniplex_staircase_pool_2

Skill      XL: |  1  2  3  4  5  6  7  8  9 10 11 12 13 14 |
---------------+-------------------------------------------+-----
Axes           | 4 5 6 8 9 10 12 | 12.7
Fighting       | 4 5 6 7 8 10 11 12 14 | 14.8
Armour         | 3 4 5 8 9 11 12 13 14 | 14.8
Dodging        | 3 4 5 6 7 |  7.6
Stealth        | 1 2 |  2.7
Throwing       | 1 |  1.2
Polearms       | 9 12 15 16 | 16.1
Evocations     | |  0.3

Action                     |  1- 3 |  4- 6 |  7- 9 | 10-12 | 13-15 || total
---------------------------+-------+-------+-------+-------+-------++-------
  Melee: Hand axe          |    81 |    88 |   369 |       |       ||   538
         Headbutt          |    16 |    12 |    81 |    98 |   121 ||   328
         Punch             |       |     2 |     5 |     1 |       ||     8
         War axe           |       |       |     7 |   147 |       ||   154
         Halberd           |       |       |       |   375 |   496 ||   871
  Throw: Dart              |       |       |     2 |     6 |       ||     8
 Invoke: Berserk           |     2 |     3 |     6 |    11 |     5 ||    27
  Evoke: Wand              |       |       |     1 |     2 |       ||     3
    Use: Scroll            |       |     7 |     9 |     7 |     5 ||    28
         Potion            |       |       |       |       |     4 ||     4
   Stab: Sleeping          |     1 |       |       |       |       ||     1
         Paralysed         |       |     2 |       |       |       ||     2
 Armour: Animal skin       |     5 |       |       |       |       ||     5
         Scale mail        |    13 |    34 |   127 |     6 |   225 ||   405
         Chain mail        |       |       |       |   230 |    45 ||   275
  Dodge: Dodged            |    43 |    27 |   185 |   257 |   305 ||   817
